 Dungeon Crawl Stone Soup version 0.20.1-1-g8b1a95d (webtiles) character file.

142 Hoogamagoo the Magician (level 5, -6/24 HPs)
             Began as a Spriggan Venom Mage on Sept 7, 2017.
             Mangled by Natasha (9 damage)
             ... on level 2 of the Dungeon.
             The game lasted 00:06:33 (3977 turns).

Hoogamagoo the Magician (Spriggan Venom Mage)       Turns: 3977, Time: 00:06:34

Health: -6/24      AC:  2    Str:  4    XL:     5   Next: 3%
Magic:  3/13       EV: 18    Int: 17    God:
Gold:   61         SH:  0    Dex: 17    Spells: 10/13 levels left

rFire    . . .     SeeInvis +   f - +0 dagger
rCold    . . .     Gourm    .   (shield restricted)
rNeg     . . .     Faith    .   a - +0 robe
rPois    .         Spirit   .   (helmet restricted)
rElec    .         Reflect  .   (no cloak)
rCorr    .         Harm     .   (gloves unavailable)
MR       .....                  (boots unavailable)
Stlth    ++........             (no amulet)
Regen    0.1/turn               (no ring)
MPRegen  0.2/turn               (no ring)

@: very quick
A: unfitting armour, see invisible, herbivore 3, speed 3, slow metabolism 2
a: no special abilities


You were on level 2 of the Dungeon.
You were not hungry.

You visited 1 branch of the dungeon, and saw 2 of its levels.

You collected 61 gold pieces.

Inventory:

Hand Weapons
 f - a +0 dagger (weapon)
Armour
 a - a +0 robe (worn)
Scrolls
 d - 3 scrolls of remove curse {unknown}
 e - 2 scrolls of enchant armour {unknown}
 g - 2 scrolls of magic mapping {unknown}
 h - 2 scrolls of identify {unknown}
 j - a scroll of fear {unknown}
 m - a scroll of recharging {unknown}
Potions
 l - a potion of berserk rage {unknown}
Books
 b - a Young Poisoner's Handbook

   Spells                             Type                      Level
   a - Sting                          Conjuration/Poison           1
   b - Poisonous Vapours              Poison/Air                   2
   c - Mephitic Cloud                 Conjuration/Poison/Air       3
   d - Olgreb's Toxic Radiance        Poison                       4
   e - Venom Bolt                     Conjuration/Poison           5
Comestibles
 c - 3 bread rations
 i - 3 royal jellies


   Skills:
 * Level 0.4 Short Blades
 - Level 3.0 Dodging
 - Level 3.0 Stealth
 * Level 4.9 Spellcasting
 - Level 0.6 Conjurations
 * Level 4.5 Poison Magic


You had 10 spell levels left.
You knew the following spells:

 Your Spells              Type           Power        Failure   Level  Hunger
a - Sting                 Conj/Pois      ##..         4%          1    None
b - Poisonous Vapours     Pois/Air       ##....       9%          2    #......


Dungeon Overview and Level Annotations

Branches:
Dungeon (2/15)

Altars:
Elyvilon
Gozag

Annotations:
D:2 Natasha


Innate Abilities, Weirdness & Mutations

You are very small and have problems with some larger weapons.
You are too small for most types of armour.
You have supernaturally acute eyesight. (SInv)
You are a herbivore.
You cover ground extremely quickly.
You need consume almost no food.


Message History

Casting: Sting
Confirm with . or Enter, or press ? or * to list all spells.
Aiming: Sting
Press: ? - help, Shift-Dir - straight line, f/p - Natasha
Aim: Natasha (moderately wounded, unusually strong)
The sting hits Natasha.
Natasha is poisoned.
Natasha is heavily wounded.
Natasha stares at you and mumbles some strange words.
The magic dart hits you!
* * * LOW HITPOINT WARNING * * *
Casting: Sting
Confirm with . or Enter, or press ? or * to list all spells.
Aiming: Sting
Press: ? - help, Shift-Dir - straight line, f/p - Natasha
Aim: Natasha (heavily wounded, unusually strong, poisoned)
The sting hits Natasha.
Natasha looks even sicker.
Natasha is almost dead.
Natasha mewls in sadness.
Natasha claws you!
You die...

.....#..###### ##...####.#.......
....##.......###.........#.#.#.#.
.#..##....##.##..#.......#.......
##..#####....##.###......#.#.#.#.
........#.......# #......#.......
........#.....### #......#......#
........#.....#####..<..#####.#.#
........#........##.........#...#
........#......#@h....#####.#....
##...#..<.####.####...#####.#....
##...#...####)########.....#....
###.#.....#.......#####†#####.)..
#...##....#....>......#.....###..
..####....#........).........###.
.## ##.<.#.....#.#........### #.
.## #...#####.....)......# #. ..#
#...# #..#.#........# #.


You could see Natasha.

Vanquished Creatures
  Natasha (twice) (D:2)
  2 adders (D:2)
  2 gnolls (D:2)
  An ooze (D:1)
  3 worms
  2 dart slugs
  3 leopard geckos (D:1)
  A ball python (D:1)
  2 bats
  2 giant cockroaches (D:2)
  4 goblins
  3 hobgoblins
  4 kobolds
  4 frilled lizards
  4 rats
39 creatures vanquished.

Notes
Turn   | Place    | Note
-------+----------+-------------------------------------------
     0 | D:1      | Hoogamagoo the Spriggan Venom Mage began the quest for the Orb.
     0 | D:1      | Reached XP level 1. HP: 9/9 MP: 5/5
   498 | D:1      | Reached XP level 2. HP: 13/13 MP: 5/7
  1890 | D:1      | Reached XP level 3. HP: 1/16 MP: 3/9
  2480 | D:1      | Learned a level 2 spell: Poisonous Vapours
  3033 | D:2      | Noticed Natasha
  3044 | D:2      | Killed Natasha
  3059 | D:2      | Reached XP level 4. HP: 13/21 MP: 2/11
  3165 | D:2      | Noticed Natasha
  3169 | D:2      | Killed Natasha
  3460 | D:2      | Found a white marble altar of Elyvilon.
  3460 | D:2      | Found an opulent altar of Gozag.
  3546 | D:2      | Noticed Natasha
  3968 | D:2      | Reached XP level 5. HP: 8/24 MP: 5/13
  3977 | D:2      | Mangled by Natasha

Skill      XL: |  1  2  3 |
---------------+----------+-----
Spellcasting   | 3 4 |  4.9
Poison Magic   | 4 |  4.5
Short Blades   | |  0.4
Dodging        | |  3.0
Stealth        | |  3.0
Conjurations   | |  0.6

Action                   |  1- 3 |  4- 6 || total
-------------------------+-------+-------++-------
Melee: Dagger            |    53 |    19 ||    72
 Cast: Sting             |    69 |    22 ||    91
 Stab: Sleeping          |     4 |     3 ||     7
       Distracted        |     1 |       ||     1
  Eat: Fruit             |       |     4 ||     4
Armor: Robe              |     9 |       ||     9
Dodge: Dodged            |    58 |    25 ||    83
